 Dungeon Crawl Stone Soup version 0.27-a0-1281-ge233d83751 (webtiles) character file.

Game seed: 6324649458513891772

63 Vomitron the Bolt Thrower (level 4, -5/27 HPs)
             Began as a Kobold Hunter on June 14, 2021.
             Slain by a gnoll (7 damage)
             ... on level 2 of the Dungeon.
             The game lasted 00:02:25 (2315 turns).

Vomitron the Bolt Thrower (Kobold Hunter)           Turns: 2315, Time: 00:02:25

Health: -5/27      AC:  9    Str:  9    XL:     4   Next: 31%
Magic:  4/4        EV: 15    Int: 12    God:
Gold:   50         SH:  0    Dex: 16    Spells: 3/3 levels left

rFire    . . .     SeeInvis .   a - +1 hand crossbow
rCold    . . .     Faith    .   (shield restricted)
rNeg     . . .     Spirit   .   g - +3 scale mail
rPois    .         Reflect  .   (no helmet)
rElec    .         Harm     .   (no cloak)
rCorr    .         Rampage  .   (no gloves)
Will     .....                  (no boots)
Stlth    ++........             (no amulet)
HPRegen  0.09/turn              j - +4 ring of evasion
MPRegen  0.09/turn              (no ring)

@: no status effects
A: small, no large weapons, nightstalker 3
a: no special abilities


You were on level 2 of the Dungeon.
You visited 1 branch of the dungeon, and saw 2 of its levels.

You collected 50 gold pieces.

Inventory:

Hand Weapons
 a - a +1 hand crossbow (weapon)
 b - a +1 dagger of pain
 i - a +0 short sword
Missiles
 d - 18 bolts (quivered ammo)
Armour
 c - a +0 leather armour
 e - a +0 ring mail
 g - a +3 scale mail (worn)
Jewellery
 j - a +4 ring of evasion (left hand)
Scrolls
 h - a scroll of identify {unknown}
Potions
 f - a potion of brilliance {unknown}


   Skills:
 + Level 2.8 Fighting
 + Level 1.9 Short Blades
 + Level 5.2 Crossbows
 + Level 3.1 Dodging
 + Level 2.6 Stealth


You had 3 spell levels left.
You didn't know any spells.
Your spell library was empty.

Dungeon Overview and Level Annotations

Branches:
Dungeon (2/15)

Altars:


Innate Abilities, Weirdness & Mutations

You are small and have problems with some larger weapons.
You are completely attuned to the shadows.


Message History

Unknown command.
Fire: 23 bolts
Press: ? - help, Q - select action Shift-Dir - straight line, f/p - endoplasm
Aim: an endoplasm (lightly wounded, 88% to hit)
You shoot a bolt. The bolt barely misses the endoplasm.
The bolt hits the kobold.
You kill the kobold!
The endoplasm freezes you.
You are frozen.
* * * LOW HITPOINT WARNING * * *
Unknown command.
Fire: 22 bolts
Press: ? - help, Q - select action Shift-Dir - straight line, f/p - endoplasm
Aim: an endoplasm (lightly wounded, 88% to hit)
You shoot a bolt. The bolt hits the endoplasm.
The endoplasm is almost dead.
The endoplasm hits you but does no damage.
Fire: 21 bolts
Press: ? - help, Q - select action Shift-Dir - straight line, f/p - endoplasm
Aim: an endoplasm (almost dead, 88% to hit)
You shoot a bolt. The bolt hits the endoplasm.
You kill the endoplasm!
Unknown command.
Unknown command.
Fire: 20 bolts
Press: ? - help, Q - select action Shift-Dir - straight line, f - gnoll
Aim: a gnoll, wielding a +2 spear of freezing (70% to hit)
You shoot a bolt. The bolt hits the gnoll!
The gnoll is severely wounded.
The gnoll hits you from afar with a +2 spear of freezing.
* * * LOW HITPOINT WARNING * * *
The gnoll freezes you.
* * * LOW HITPOINT WARNING * * *
Unknown command.
Fire: 19 bolts
Press: ? - help, Q - select action Shift-Dir - straight line, f/p - gnoll
Aim: a gnoll, wielding a +2 spear of freezing (severely wounded, 70% to hit)
You shoot a bolt. The bolt closely misses the gnoll.
The gnoll hits you from afar with a +2 spear of freezing!
You die...

#.##.......##########
#..........
#..'.....[..........#
#..........
#.##................#
#..........
#.##................#
#.....#####
#.##................# #.....#
#.##................# #.....#
#.##.......##'####### #.....#
#.##.......##.#########.....#
#...............@(g.()........
##############.#######.#######
# #.# #.# # #.#######.# #
#.#.....#.# # #.......#.# #
##......# # #......# #......#


You could see a gnoll.

Vanquished Creatures
  An adder (D:2)
  4 dart slugs
  4 bats
  7 endoplasms
  3 giant cockroaches
  6 goblins
  A hobgoblin (D:1)
  3 jackals (D:1)
  A quokka (D:1)
  4 ball pythons
  A frilled lizard (D:2)
  4 kobolds
  3 rats (D:1)
42 creatures vanquished.

Notes
Turn   | Place    | Note
-------+----------+-------------------------------------------
     0 | D:1      | Vomitron the Kobold Hunter began the quest for the Orb.
     0 | D:1      | Reached XP level 1. HP: 12/12 MP: 1/1
   260 | D:1      | Reached XP level 2. HP: 18/18 MP: 2/2
   574 | D:1      | Reached skill level 1 in Short Blades
   763 | D:1      | Reached skill level 5 in Crossbows
   849 | D:1      | Found a faded altar of an unknown god.
  1062 | D:1      | Reached XP level 3. HP: 22/22 MP: 3/3
  2086 | D:2      | Reached XP level 4. HP: 26/27 MP: 4/4
  2315 | D:2      | Slain by a gnoll

Illustrated notes

Levels and vault maps discovered:
D:1:      dpeg_arrival_fog, layout_basic, hellmonk_ecumenical_altar_zigzags
D:2:      layout_basic, grunt_ministairs_4

Skill      XL: |  1  2  3 |
---------------+----------+-----
Short Blades   | 1 |  1.9
Crossbows      | 5 |  5.2
Stealth        | 2 |  2.6
Dodging        | 3 |  3.1
Fighting       | |  2.8

Action                   |  1- 3 |  4- 6 || total
-------------------------+-------+-------++-------
Melee: Short sword       |    88 |       ||    88
       Dagger            |    51 |    14 ||    65
 Fire: Hand crossbow     |     7 |     7 ||    14
 Stab: Sleeping          |     9 |     2 ||    11
Armor: Leather armour    |     8 |       ||     8
       Scale mail        |    52 |    13 ||    65
Dodge: Dodged            |    93 |    20 ||   113

Table legend: (Time is in decaauts)
 A = Elapsed time spent in this place.
 B = Non-inter-level travel time spent in this place.
 C = Inter-level travel time spent in this place.
 D = Time resting spent in this place.
 E = Time spent auto-exploring this place.
 F = Levels seen in this place.
 G = Mean time per level.
                   A        B        C        D        E       F      G
               +--------+--------+--------+--------+--------+-----+--------+
         Total |   2302 |   2242 |     60 |    429 |   1466 |   2 | 1151.0 |
       Dungeon |   2302 |   2242 |     60 |    429 |   1466 |   2 | 1151.0 |
               +--------+--------+--------+--------+--------+-----+--------+

Top non-repeatable levels by time:
     D:1: 1685 daAuts
     D:2: 617 daAuts
